 Dungeon Crawl Stone Soup version 0.25.1-2-g60ff931df9 (webtiles) character file.

Game seed: 3065000460769670635

2916 Jujuru the Basher (level 9, -1/68 HPs)
             Began as a Demonspawn Fighter on Aug 25, 2020.
             Was an Initiate of Okawaru.
             Slain by a two-headed ogre
             ... wielding a +0 giant club
              (20 damage)
             ... on level 7 of the Dungeon on Aug 27, 2020.
             The game lasted 00:10:09 (8344 turns).

Jujuru the Basher (Demonspawn Fighter)              Turns: 8344, Time: 00:10:09

Health: -1/68      AC: 11    Str: 20    XL:     9   Next: 50%
Magic:  18/18      EV:  9    Int: 10    God:    Okawaru [......]
Gold:   0          SH:  9    Dex: 12    Spells: 8/8 levels left

rFire    x . .     SeeInvis .   r - +0 morningstar
rCold    + . .     Gourm    .   c - +0 kite shield
rNeg     . . .     Faith    .   b - +0 scale mail
rPois    .         Spirit   .   H - +0 helmet
rElec    .         Reflect  .   (no cloak)
rCorr    .         Harm     .   e - +0 pair of gloves
MR       .....                  v - +0 pair of boots
Stlth    ..........             n - amulet of regeneration
HPRegen  0.61/turn              p - ring of ice
MPRegen  0.16/turn              u - ring of magical power

@: no status effects
A: claws 2, demonic guardian 1, powered by death 1
a: Renounce Religion


You were on level 7 of the Dungeon.
You worshipped Okawaru.
Okawaru was noncommittal.
You were not hungry.

You visited 2 branches of the dungeon, and saw 9 of its levels.

Inventory:

Hand Weapons
 r - a +0 morningstar (weapon)
Armour
 b - a +0 scale mail (worn)
 c - a +0 kite shield (worn)
 e - a +0 pair of gloves (worn)
 v - a +0 pair of boots (worn)
 H - a +0 helmet (worn)
Jewellery
 n - an amulet of regeneration (around neck)
 p - a ring of ice (left hand)
 u - a ring of magical power (right hand)
Wands
 x - a wand of flame (11)
Scrolls
 d - a scroll of blinking {unknown}
 g - 4 scrolls of noise {unknown}
 h - 3 scrolls of identify {unknown}
 j - 2 scrolls of fog {unknown}
 k - 4 scrolls of teleportation {unknown}
 l - 3 scrolls of magic mapping {unknown}
 o - 6 scrolls of immolation {unknown}
 q - 2 scrolls of fear {unknown}
 s - a scroll of remove curse {unknown}
 t - 5 scrolls of amnesia {unknown}
 A - a scroll of summoning {unknown}
Potions
 a - 2 potions of curing
 i - 2 potions of berserk rage {unknown}
 m - a potion of degeneration {unknown}
 w - a potion of ambrosia {unknown}
 z - 5 potions of magic {unknown}
 B - a potion of might
 D - a potion of brilliance {unknown}
 E - a potion of mutation {unknown}
 F - a potion of lignification {unknown}
 G - a potion of haste {unknown}
Comestibles
 f - 11 rations


   Skills:
 + Level 5.5 Fighting
 * Level 9.8 Maces & Flails
 + Level 5.2 Armour
 + Level 3.2 Dodging
 + Level 1.0 Stealth
 - Level 2.6 Shields


You had 8 spell levels left.
You didn't know any spells.
Your spell library contained the following spells:

 Spells                   Type           Power        Failure   Level  Hunger
 Magic Dart               Conj           #...         99%         1    ##.....
 Blink                    Tloc           N/A          100%        2    ###....
 Call Imp                 Summ           #.......     100%        2    ###....
 Searing Ray              Conj           #.....       100%        2    ###....
 Slow                     Hex            #.......     100%        2    ###....
 Conjure Flame            Conj/Fire      #.......     100%        3    ####...
 Dazzling Flash           Conj/Hex       #.....       100%        3    ####...
 Mephitic Cloud           Conj/Pois/Air  #.......     100%        3    ####...
 Fulminant Prism          Conj/Hex       #.........   100%        4    #####..
 Iskenderun's Mystic Bla  Conj/Tloc      #.......     100%        4    #####..


Dungeon Overview and Level Annotations

Branches:
Dungeon (8/15)             Temple (1/1) D:5
   Lair: D:8-11

Altars:
Ashenzari
Cheibriados
Dithmenos
Elyvilon
Fedhas
Gozag
Hepliaklqana
Kikubaaqudgha
Makhleb
Nemelex Xobeh
Okawaru
Qazlal
Trog
Uskayaw
Vehumet
Wu Jian
Xom
Zin
The Shining One

Shops:
D:4 [

Annotations:
D:3 3 runed translucent doors, infcreate's ghost, amateur HuBe
D:8 Maurice


Innate Abilities, Weirdness & Mutations

You have very sharp fingernails.
A weak demonic guardian rushes to your aid.
You regenerate a little health from kills.


Message History

You are too injured to fight recklessly!
Unknown command.
You are too injured to fight recklessly!
You barely miss the two-headed ogre.
The two-headed ogre is heavily wounded.
Unknown command.
You closely miss the two-headed ogre.
The two-headed ogre is heavily wounded.
The two-headed ogre misses you. You block the two-headed ogre's attack.
You puncture the two-headed ogre!
The two-headed ogre is severely wounded.
You block the two-headed ogre's attack.
The two-headed ogre hits you with a cursed -2 giant club!
* * * LOW HITPOINT WARNING * * *
Unknown command.
You bludgeon the two-headed ogre!!
The two-headed ogre is almost dead.
The two-headed ogre closely misses you.
The two-headed ogre hits you with a cursed -2 giant club!!
You die...

####.###...###..###..##..####.###
#...#..........................
#...'..........................
#######'####..###.###.###.#####
##..##...###..###########.#####
#...#.....#.......#...........#
#...#.....#.....5.#...........#
#...#.....'..O....#...........#
#...'.....#...@...#...........'
##..##'#####..##)###..###.##.##
#####...###..##.###+#######+##
#..(..#......#............#
#.....#..>...#............+
#.....#......##....##....##
########..###########....##....##
##....##..######...##....##....##
.'..............................#


You could see a two-headed ogre and a friendly iron imp (summoned).

Vanquished Creatures
  Joseph (D:7)
  Psyche (D:8)
  Grinder (D:3)
  Sigmund (D:3)
  A water moccasin (D:7)
  A phantom (D:6)
  An ice beast (D:6)
  An ogre (D:7)
  A sky beast (D:5)
  2 centaurs
  A scorpion (D:6)
  3 killer bees (D:6)
  3 wights (D:7)
  2 howler monkeys
  4 crimson imps
  A bullfrog zombie (D:6)
  An orc priest (D:7)
  2 hounds
  Ijyb (D:5)
  An iguana (D:4)
  An orc wizard (D:6)
  2 worker ants (D:7)
  A killer bee zombie (D:5)
  A hound skeleton (D:4)
  A worker ant zombie (D:7)
  A howler monkey skeleton (D:5)
  9 gnolls
  11 adders
  A shadow imp (D:5)
  4 worms
  A dart slug (D:3)
  11 leopard geckos
  13 orcs
  A ball python (D:2)
  5 giant cockroaches
  9 goblins
  3 hobgoblins
  7 jackals
  9 kobolds
  4 quokkas
  7 bats
  7 frilled lizards
  A leopard gecko skeleton (D:4)
  A quokka skeleton (D:6)
  2 rats
143 creatures vanquished.

Vanquished Creatures (collateral kills)
  A hungry ghost (D:8)
  3 ogres
  Blork the orc (D:5)
  A killer bee (D:6)
  A wight (D:7)
  A hound (D:6)
  A gnoll shaman (D:2)
  3 gnolls (D:2)
  A hobgoblin (D:2)
  A rat (D:2)
14 creatures vanquished.

Grand Total: 157 creatures vanquished

Notes
Turn   | Place    | Note
-------+----------+-------------------------------------------
     0 | D:1      | Jujuru the Demonspawn Fighter began the quest for the Orb.
     0 | D:1      | Reached XP level 1. HP: 18/18 MP: 1/1
   158 | D:1      | Gained mutation: A weak demonic guardian rushes to your
                  | aid. [demonic ancestry]
   158 | D:1      | Reached XP level 2. HP: 6/24 MP: 2/2
   265 | D:1      | Reached skill level 2 in Maces & Flails
  1269 | D:2      | Gained mutation: You have sharp fingernails. [demonic
                  | ancestry]
  1269 | D:2      | Reached XP level 3. HP: 7/29 MP: 3/3
  1692 | D:2      | Reached skill level 3 in Maces & Flails
  1704 | D:2      | Reached XP level 4. HP: 11/35 MP: 4/4
  2003 | D:2      | Found an opulent altar of Gozag.
  2003 | D:2      | Found a glowing silver altar of Zin.
  2299 | D:2      | Reached XP level 5. HP: 29/41 MP: 5/5
  2541 | D:2      | Found an ornate altar of the Wu Jian Council.
  2731 | D:2      | Reached skill level 4 in Maces & Flails
  2876 | D:3      | Found an ancient bone altar of Kikubaaqudgha.
  3141 | D:3      | Found a runed translucent gate.
  3141 | D:3      | Found a runed translucent gate.
  3144 | D:3      | Found a runed translucent gate.
  3147 | D:3      | Noticed infcreate's ghost (amateur HuBe)
  3398 | D:3      | Noticed Sigmund
  3412 | D:3      | Killed Sigmund
  3412 | D:3      | Reached skill level 5 in Maces & Flails
  3412 | D:3      | Reached XP level 6. HP: 9/48 MP: 6/6
  3800 | D:3      | Noticed Grinder
  3808 | D:3      | Killed Grinder
  3808 | D:3      | Reached skill level 6 in Maces & Flails
  3808 | D:3      | Reached skill level 1 in Dodging
  3808 | D:3      | Gained mutation: You regenerate a little health from kills.
                  | [demonic ancestry]
  3808 | D:3      | Reached XP level 7. HP: 53/53 MP: 7/7
  4526 | D:4      | Found Bueq's Antique Armour Shop.
  4936 | D:5      | Entered Level 5 of the Dungeon
  4949 | D:5      | Reached skill level 7 in Maces & Flails
  5052 | D:5      | Noticed Blork the orc
  5206 | D:5      | Killed Blork the orc
  5222 | D:5      | Reached XP level 8. HP: 54/60 MP: 8/8
  5255 | D:5      | Found a staircase to the Ecumenical Temple.
  5283 | Temple   | Entered the Ecumenical Temple
  5793 | D:5      | Noticed Ijyb
  5814 | D:5      | Killed Ijyb
  5894 | D:5      | Found a burning altar of Makhleb.
  6056 | D:6      | Reached skill level 8 in Maces & Flails
  6290 | D:6      | Found a shadowy altar of Dithmenos.
  6293 | D:6      | Found a hazy altar of Hepliaklqana.
  6343 | D:6      | Found a stormy altar of Qazlal.
  6876 | D:6      | Reached skill level 5 in Fighting
  7091 | D:7      | Gained mutation: You have very sharp fingernails. [demonic
                  | ancestry]
  7091 | D:7      | Reached XP level 9. HP: 68/68 MP: 9/9
  7114 | D:7      | Reached skill level 9 in Maces & Flails
  7139 | D:7      | Found a hazy altar of Hepliaklqana.
  7158 | D:7      | Noticed Joseph
  7177 | D:7      | Killed Joseph
  7177 | D:7      | Reached skill level 5 in Armour
  7242 | D:7      | Found an iron altar of Okawaru.
  7417 | D:7      | Became a worshipper of Warmaster Okawaru
  7723 | D:8      | Noticed Maurice
  7954 | D:8      | Noticed Psyche
  7987 | D:8      | Killed Psyche
  7987 | D:8      | Reached skill level 1 in Stealth
  8142 | D:8      | Noticed a two-headed ogre
  8344 | D:7      | Slain by a two-headed ogre

Illustrated notes

Levels and vault maps discovered:
D:1:      minmay_arrival_floating_metal, layout_basic, minmay_pentomino_v2
D:2:      layout_basic, grunt_temple_overflow_gold_and_silver,
          overflow_temple_1_default, first_ration, kennysheep_nub
D:3:      minmay_general_purpose_star, layout_basic, kiku_gazebo_garden_becter,
          ebering_ghost_rock_garden, kennysheep_generic_room_15, uniq_grinder,
          uniq_sigmund
D:4:      layout_basic, serial_shops, nicolae_shop_waterfront, minivault_4
D:5:      layout_loops_ring, lightli_temple_of_fire, minmay_temple_entry_glass,
          uniq_blork_the_orc, uniq_ijyb
D:6:      layout_loops_cross, riverfiend_overflow_shadow_ancestor,
          kennysheep_little_box, kennysheep_small_square
D:7:      layout_gridville, lemuel_round_altar, basic_altar, uniq_joseph
D:8:      layout_loops_ring, nicolae_ru_awakened_eye, lemuel_blue_sif_altar,
          uniq_maurice, uniq_psyche
Temple:   jpeg_temple_alley_garden

Skill      XL: |  1  2  3  4  5  6  7  8  9 |
---------------+----------------------------+-----
Armour         | 3 4 5 |  5.2
Maces & Flails | 2 3 5 6 7 8 9 |  9.8
Dodging        | 1 2 3 |  3.2
Fighting       | 4 5 |  5.5
Stealth        | 1 |  1.0
Shields        | |  2.6

Action                   |  1- 3 |  4- 6 |  7- 9 || total
-------------------------+-------+-------+-------++-------
Melee: Flail             |   122 |   147 |       ||   269
       Morningstar       |       |    75 |   416 ||   491
  Use: Potion            |       |     1 |     5 ||     6
 Stab: Distracted        |       |       |     2 ||     2
       Invisible         |       |       |     1 ||     1
  Eat: Chunk             |     1 |     5 |    14 ||    20
       Ration            |       |     1 |     1 ||     2
Armor: Scale mail        |    86 |   124 |   195 ||   405
Dodge: Dodged            |    40 |    73 |   134 ||   247
Block: Kite shield       |    78 |    96 |   177 ||   351
